 Dungeon Crawl Stone Soup version 0.24-a0-443-g80245de385 (webtiles) character file.

Game seed: 14369414193855125792

5366 ivs the Slicer (level 10, -6/79 HPs)
             Began as a Merfolk Berserker on June 21, 2019.
             Was a Priest of Trog.
             Killed from afar by Jorgrun (55 damage)
             ... with an iron shot
             ... on level 13 of the Dungeon.
             The game lasted 00:45:49 (3311 turns).

ivs the Slicer (Merfolk Berserker)                  Turns: 3311, Time: 00:45:50

Health: -6/79      AC:  6    Str: 21    XL:     10   Next: 65%
Magic:  15/15      EV: 13    Int:  7    God:    Trog [***...]
Gold:   204        SH:  9    Dex: 13    Spells: 9/9 levels left

rFire    . . .     SeeInvis .   a - +2 short sword (elec)
rCold    . . .     Gourm    .   A - +0 shield
rNeg     . . .     Faith    .   q - +2 leather armour {MR+}
rPois    .         Spirit   .   (no helmet)
rElec    .         Reflect  .   (no cloak)
rCorr    .         Harm     .   i - +0 pair of gloves
MR       +++..                  (no boots)
Stlth    +.........             (no amulet)
HPRegen  1.23/turn              (no ring)
MPRegen  0.14/turn              (no ring)

@: lethally poisoned (-6 -> -7), regenerating
A: change form in water, swift swim, stealthy swim
a: Berserk, Trog's Hand, Renounce Religion


You were on level 13 of the Dungeon.
You worshipped Trog.
Trog was most pleased with you.
You were hungry.

You visited 1 branch of the dungeon, and saw 12 of its levels.

You collected 297 gold pieces.
You spent 93 gold pieces at shops.

Inventory:

Hand Weapons
 a - a +2 short sword of electrocution (weapon)
 b - a +0 trident
 l - a cursed +4 halberd
 C - a cursed +4 spear
Missiles
 d - 120 stones
 s - 2 curare-tipped darts (quivered)
Armour
 e - a +0 plate armour
 i - a +0 pair of gloves (worn)
 j - a +0 scale mail
 q - a +2 leather armour of magic resistance (worn)
 A - a +0 shield (worn)
Jewellery
 F - an uncursed ring of fire
Wands
 n - a wand of clouds (3)
 x - a wand of disintegration (14)
Scrolls
 f - a scroll of magic mapping
 g - 2 scrolls of remove curse
 r - a scroll of teleportation {unknown}
 t - a scroll of silence {unknown}
 v - a scroll of summoning {unknown}
 y - a scroll of fear {unknown}
 z - a scroll of enchant armour {unknown}
Potions
 h - a potion of flight
 k - a potion of magic {unknown}
 m - a potion of berserk rage
 o - a potion of haste {unknown}
 p - a potion of degeneration {unknown}
 u - a potion of ambrosia {unknown}
 w - 3 potions of curing
 B - a potion of agility {unknown}
 E - a potion of lignification {unknown}
Comestibles
 c - 14 rations
 D - 2 chunks of flesh


   Skills:
 - Level 7.1 Fighting
 - Level 12.1 Short Blades
 - Level 5.6 Polearms
 - Level 2.8 Throwing
 - Level 1.3 Armour
 - Level 7.2 Dodging
 + Level 2.2 Shields
 - Level 7.0 Evocations


You had 9 spell levels left.
You didn't know any spells.
Your spell library was empty.

Dungeon Overview and Level Annotations

Branches:
Dungeon (13/15)            Temple (0/1) D:7             Orc (0/2) D:10
   Lair: D:8-11      Vaults: D:13-14

Altars:
Dithmenos
Hepliaklqana
Kikubaaqudgha
Nemelex Xobeh
Yredelemnul
Zin

Shops:
D:5 **[?=

Annotations:
D:8 Pikel, Prince Ribbit
D:13 Jorgrun


Message History

You are feeling hungry.
The bullfrog is engulfed in freezing vapours.
The bullfrog seems to slow down.
You escape the roots' grasp.
You feel sick.
The bullfrog is engulfed in freezing vapours.
You kill the bullfrog!
Trog accepts your kill.
Your Shields skill increases to level 2!
Throwing (i - inventory. (/) - cycle)
s - 3 curare-tipped darts (quivered)
Press: ? - help, Shift-Dir - straight line, f/p - Jorgrun
Aim: Jorgrun, wielding a staff of earth and wearing a +2 robe of magic resistance (freezing vapour, lightly wounded, slow, poisoned)
You throw a curare-tipped dart. The curare-tipped dart hits Jorgrun.
Jorgrun looks as sick as possible!
Jorgrun convulses.
Jorgrun seems to be slow for longer.
Jorgrun is lightly wounded.
Jorgrun is engulfed in freezing vapours.
Jorgrun gestures at you while chanting. The iron shot hits you!!!
Ouch! That really hurt!
You die...

.... ......... ....
.......... ..§§.
#......... ..§§§
#........# ..§§g$
##........#
.h§§§§####..........
#.§§§§.†..........
##..§.............
#....@...........
#........)..###..
#...........##
..)..........#
#...#......<..#
##.#.......#...#
##.......##.......
#################


You could see Jorgrun and a hound.

Vanquished Creatures
  A two-headed ogre (D:12)
  A kobold demonologist (D:11)
  A hippogriff (D:10)
  A wyvern (D:11)
  3 yaks (D:9)
  4 hogs (D:8)
  A hungry ghost (D:10)
  A human (D:8)
  A water moccasin (D:13)
  3 ice beasts
  A porcupine (D:10)
  2 orc warriors
  3 slaves
  A phantom (D:5)
  3 ogres
  3 big kobolds (D:11)
  A crocodile (D:9)
  4 bullfrogs
  2 scorpions (D:10)
  A howler monkey (D:6)
  9 wights
  3 crimson imps
  5 hounds
  2 orc priests
  A jelly (D:7)
  2 orc wizards (D:6)
  Terence (D:3)
  8 worker ants
  A hound skeleton (D:6)
  9 adders
  6 gnolls
  A shadow imp (D:9)
  An ooze (D:3)
  4 worms
  3 dart slugs
  3 leopard geckos
  16 orcs
  A ball python (D:3)
  3 giant cockroaches
  6 hobgoblins
  2 jackals (D:3)
  4 quokkas
  3 bats
  3 frilled lizards
  2 goblins
  3 kobolds
  A quokka zombie (D:5)
  4 rats
145 creatures vanquished.

Notes
Turn   | Place    | Note
-------+----------+-------------------------------------------
     0 | D:1      | ivs the Merfolk Berserker began the quest for the Orb.
     0 | D:1      | Reached XP level 1. HP: 18/18 MP: 1/1
   101 | D:1      | Reached skill level 5 in Polearms
   102 | D:1      | Reached XP level 2. HP: 20/24 MP: 2/2
   365 | D:2      | Reached XP level 3. HP: 30/30 MP: 3/3
   430 | D:2      | Reached XP level 4. HP: 34/38 MP: 4/4
   601 | D:3      | Noticed Terence
   618 | D:3      | Killed Terence
   618 | D:3      | Reached skill level 5 in Fighting
   735 | D:3      | Found a hazy altar of Hepliaklqana.
   784 | D:3      | Reached ** piety under Trog
   922 | D:3      | Reached XP level 5. HP: 38/44 MP: 5/5
   938 | D:3      | You fall into a shaft and drop 2 floors!
   938 | D:5      | Entered Level 5 of the Dungeon
   957 | D:5      | Noticed an ice beast
   957 | D:5      | Noticed an ogre
   968 | D:5      | Killed an ogre
   973 | D:5      | Killed an ice beast
   973 | D:5      | Reached XP level 6. HP: 21/55 MP: 6/6
  1044 | D:5      | Found Paqeklil's Armour Boutique.
  1048 | D:5      | Found Yciufur's Elemental Accessories.
  1065 | D:5      | Noticed a phantom
  1133 | D:5      | Killed a phantom
  1154 | D:5      | Reached XP level 7. HP: 44/60 MP: 7/7
  1213 | D:5      | Found Ebaum's Magic Scroll Shop.
  1222 | D:5      | Bought a scroll of identify for 22 gold pieces
  1224 | D:5      | Bought a scroll of magic mapping for 38 gold pieces
  1224 | D:5      | Bought a scroll of remove curse for 33 gold pieces
  1228 | D:5      | Found Hozijime's Assorted Antiques.
  1256 | D:5      | Reached skill level 1 in Short Blades
  1272 | D:5      | Found a glowing silver altar of Zin.
  1272 | D:5      | Noticed an angel
  1285 | D:5      | Found Qaoptakko's Jewellery Shoppe.
  1314 | D:6      | Reached skill level 2 in Short Blades
  1333 | D:6      | Found an ancient bone altar of Kikubaaqudgha.
  1397 | D:6      | Reached skill level 3 in Short Blades
  1447 | D:6      | Reached skill level 4 in Short Blades
  1459 | D:6      | Reached skill level 5 in Short Blades
  1502 | D:6      | Found a sparkling altar of Nemelex Xobeh.
  1555 | D:6      | Reached skill level 6 in Short Blades
  1555 | D:6      | Reached XP level 8. HP: 67/67 MP: 8/8
  1604 | D:6      | Reached skill level 7 in Short Blades
  1721 | D:7      | Reached skill level 1 in Evocations
  1724 | D:7      | Found a shadowy altar of Dithmenos.
  1886 | D:7      | Found a staircase to the Ecumenical Temple.
  2075 | D:8      | Reached skill level 5 in Evocations
  2078 | D:8      | Reached XP level 9. HP: 72/72 MP: 10/13
  2083 | D:8      | Reached *** piety under Trog
  2214 | D:8      | Noticed Prince Ribbit
  2214 | D:8      | Noticed Pikel
  2407 | D:9      | Found a basalt altar of Yredelemnul.
  2457 | D:10     | Entered Level 10 of the Dungeon
  2484 | D:10     | Reached skill level 8 in Short Blades
  2516 | D:9      | Reached skill level 9 in Short Blades
  2558 | D:10     | Reached skill level 10 in Short Blades
  2632 | D:10     | Reached skill level 11 in Short Blades
  2632 | D:10     | Reached XP level 10. HP: 8/79 MP: 15/15
  2680 | D:10     | lair? orc?
  2784 | D:11     | Noticed a cyclops
  2797 | D:10     | Found a staircase to the Orcish Mines.
  3047 | D:11     | Reached skill level 12 in Short Blades
  3084 | D:11     | Noticed a kobold demonologist
  3125 | D:11     | Killed a kobold demonologist
  3125 | D:11     | Reached skill level 5 in Dodging
  3180 | D:12     | Noticed a two-headed ogre
  3210 | D:12     | Killed a two-headed ogre
  3287 | D:13     | Reached **** piety under Trog
  3287 | D:13     | Reached skill level 1 in Shields
  3306 | D:13     | Noticed Jorgrun
  3311 | D:13     | Killed from afar by Jorgrun

Levels and vault maps discovered:
D:1:      evilmike_arrival_run_for_it, layout_basic
D:2:      layout_basic, first_ration, minmay_tetromino_i4, uniq_natasha
D:3:      layout_loops_corners, nicolae_overflow_hidden_temple,
          hangedman_decor_slide_cut, minmay_strange_pillars, uniq_jessica,
          uniq_terence, uniq_robin
D:5:      layout_basic, zin_angel, serial_shops, nicolae_shop_statue_plus,
          nicolae_shop_statue_plus, kennysheep_mini_moat, nicolae_shop_trees,
          nicolae_shop_temple_entry_statues_fountains, nicolae_elemental_shop,
          hangedman_decor_riveting
D:6:      layout_basic, lemuel_coloured_pillars_altar, kennysheep_little_box,
          nemelex_xobeh_ov_fountains_minmay, serial_shops, shop
D:7:      layout_loops_ring, nicolae_dithmenos_shadow_blocks,
          minmay_temple_entry_gardened_gates,
          lemuel_mausoleum_altar_kikubaaqudgha
D:8:      layout_loops_ring, grunt_livestock, lightli_corner_chamber,
          uniq_prince_ribbit1, uniq_pikel, uniq_harold
D:9:      layout_basic, gammafunk_temple_overflow_wave, old_standard_altar,
          yredelemnul_altar_generic, st_stairs_14, uniq_grum
D:10:     layout_irregular_city, grunt_lair_entry_orc_guard_hut, orc_0_dummy,
          minmay_misc_feat_square, minmay_diamond_spiral, uniq_snorg
D:11:     layout_irregular_city, serial_shops, bzr_entry_gold,
          serial_column_ruins, column_ruins_open_medium, column_ruins_grid_1,
          column_ruins_columns_corner, column_ruins_corridor_corner,
          david_defended_altar_orc
D:12:     layout_loops_ring, portal_ice_cave_entry_pillars_2, uniq_maurice,
          uniq_fannar, uniq_kirke
D:13:     layout_big_octagon, lightli_vaults_fourway_checkpoint,
          item_on_display_a, uniq_jorgrun

Skill      XL: |  1  2  3  4  5  6  7  8  9 10 |
---------------+-------------------------------+-----
Polearms       | 5 |  5.6
Fighting       | 4 5 7 |  7.1
Throwing       | 2 |  2.8
Short Blades   | 6 7 11 12 | 12.1
Evocations     | 5 7 |  7.0
Dodging        | 7 |  7.2
Shields        | 2 |  2.2
Armour         | |  1.3

Action                   |  1- 3 |  4- 6 |  7- 9 | 10-12 || total
-------------------------+-------+-------+-------+-------++-------
Melee: Spear             |    78 |   164 |       |       ||   242
       Short sword       |       |       |   220 |   118 ||   338
Throw: Stone             |       |     3 |     8 |     3 ||    14
       Dart              |       |     1 |     3 |     6 ||    10
Invok: Berserk           |     4 |     3 |     4 |     3 ||    14
       Trog's Hand       |       |     1 |     1 |     3 ||     5
Evoke: Wand              |       |       |       |     1 ||     1
  Use: Scroll            |     1 |       |     3 |       ||     4
       Potion            |       |       |       |     1 ||     1
  Eat: Chunk             |     2 |     4 |    11 |     6 ||    23
Armor: Animal skin       |     9 |       |       |       ||     9
       Ring mail         |    11 |     4 |       |       ||    15
       Chain mail        |       |     9 |       |       ||     9
       Scale mail        |       |    18 |    22 |       ||    40
       Leather armour    |       |       |    17 |    13 ||    30
Dodge: Dodged            |    28 |    47 |    75 |    37 ||   187
Block: Shield            |       |       |       |     5 ||     5

Table legend:
 A = Non-vault XP
 B = Vault XP
 C = Vault XP percentage of total XP
 D = Non-vault monster count
 E = Vault monster count
 F = Vault count percentage of total count
                 A         B        C        D         E       F
            +---------+---------+-------+---------+---------+-------
      Total |    6133 |    1533 |  20.0 |     126 |      16 |  11.3
            +---------+---------+-------+---------+---------+-------
        D:1 |      12 |       5 |  29.4 |       8 |       1 |  11.1
        D:2 |      73 |       4 |   5.2 |      11 |       3 |  21.4
        D:3 |      39 |      32 |  45.1 |      14 |       1 |   6.7
        D:5 |     541 |       0 |   0.0 |      14 |       0 |   0.0
        D:6 |     756 |       0 |   0.0 |      20 |       0 |   0.0
        D:7 |     320 |       0 |   0.0 |      10 |       0 |   0.0
        D:8 |     103 |     947 |  90.2 |       4 |       5 |  55.6
        D:9 |    1023 |     151 |  12.9 |      13 |       2 |  13.3
       D:10 |    1025 |     394 |  27.8 |      17 |       4 |  19.0
       D:11 |     902 |       0 |   0.0 |      10 |       0 |   0.0
       D:12 |     967 |       0 |   0.0 |       2 |       0 |   0.0
       D:13 |     372 |       0 |   0.0 |       3 |       0 |   0.0
            +---------+---------+-------+---------+---------+-------
